 Dungeon Sprint DCSS version 0.17.1-2-g5865329 (webtiles) character file.

61686 hexophile the Evocator (level 15, -3/153 (155) HPs)
             Began as a Ghoul Fighter on Jan 26, 2016.
             Was the Champion of Makhleb.
             Slain by an apis (30 damage)
             ... in the Dungeon (Sprint V: "Ziggurat Sprint").
             The game lasted 00:05:46 (671 turns).

hexophile the Evocator (Ghoul Fighter)               Turns: 671, Time: 00:05:46

HP:   -3/153 (155)  AC: 32    Str: 31    XL:     15   Next: 3%
MP:   37/38         EV:  7    Int:  8    God:    Makhleb [******]
Gold: 0             SH: 32    Dex: 19    Spells: 0 memorised, 14 levels left

rFire  + . .     SeeInvis +     F - +14 obsidian axe {chop, +Fly Str+3 SInv *Curse} (curse)
rCold  + + .     Clarity  .     E - +9 gold dragon armour {rC+ rF+ rPois}
rNeg   + + +     SustAt   .     G - +18 shield of the gong {rElec rN+ MR+ EV-5}
rPois  ∞         Gourm    .     (no helmet)
rElec  +         Spirit   .     (no cloak)
rCorr  +         Warding  .     M - +2 pair of fencer's gloves {LBl+4 SBl+4 EV+3 Dex+6}
rMut   .         NoTele   +     N - +0 pair of boots of Fortification {+Inv +Fly rCorr}
MR     ++...                    J - amulet of regeneration {+Regen}
Stlth  ..........               b - ring "Peipiyc" {rN+ MP+9 Int+5 Slay+3 Stlth+}
                                C - +6 ring of strength

@: grasped by roots, mesmerised, rotting, very slow, very resistant to hostile
enchantments, extremely unstealthy
A: rotting body, claws 1, carnivore 3, cold resistance 1, negative energy
resistance 3, slow regeneration 1, torment resistance, unbreathing
a: Minor Destruction, Lesser Servant of Makhleb, Major Destruction, Greater
Servant of Makhleb, Renounce Religion, Evoke Invisibility, Evoke Flight


You were in the Dungeon.
You worshipped Makhleb.
Makhleb was exalted by your worship.
You were hungry.

You visited 1 branch


Innate Abilities, Weirdness & Mutations

Your body is rotting away.
You thrive on raw meat.
You are immune to poison.
You have sharp fingernails.
You are carnivorous and can eat meat at any time.
Your flesh is cold resistant.
You are immune to negative energy.
You regenerate slowly when monsters are visible.
You are immune to unholy pain and torment.
You can survive without breathing.

Inventory:

Hand Weapons
 a - a +0 war axe
 F - the cursed +14 obsidian axe (weapon) {chop, +Fly Str+3 SInv *Curse}
   (You found it in the Dungeon)

   It inflicts extra damage upon your enemies.
   It affects your strength (+3).
   It lets you see invisible.
   It lets you fly.
   It may re-curse itself when equipped.
   It has a curse placed upon it.
Armour
 E - a +9 gold dragon armour (worn) {rC+ rF+ rPois}
 G - the +18 shield of the gong (worn) {rElec rN+ MR+ EV-5}
   (You found it in the Dungeon)

   It affects your evasion (-5).
   It insulates you from electricity.
   It protects you from negative energy.
   It affects your resistance to hostile enchantments.
 I - the +0 pair of gloves of Defence {Int+4 SInv}
   (You found it in the Dungeon)

   It affects your intelligence (+4).
   It lets you see invisible.
 M - the +2 pair of fencer's gloves (worn) {LBl+4 SBl+4 EV+3 Dex+6}
   (You acquired it in the Dungeon)

   It affects your evasion (+3).
   It affects your dexterity (+6).
 N - the +0 pair of boots of Fortification (worn) {+Inv +Fly rCorr}
   (You found it in the Dungeon)

   It lets you turn invisible.
   It lets you fly.
   It protects you from acid and corrosion.
Jewellery
 b - the ring "Peipiyc" (right hand) {rN+ MP+9 Int+5 Slay+3 Stlth+}
   (You found it in the Dungeon)

   [ring of intelligence]

   It affects your intelligence (+5).
   It affects your accuracy and damage with ranged weapons and melee attacks
   (+3).
   It protects you from negative energy.
   It affects your magic capacity (+9).
   It makes you more stealthy.
 B - the ring "Nelus" {Ice rPois Int+4 Dex-5 Slay+3}
   (You took it off an orc knight in the Dungeon)

   [ring of ice]

   It enhances your ice magic, and weakens your fire magic.
   It affects your intelligence (+4).
   It affects your dexterity (-5).
   It affects your accuracy and damage with ranged weapons and melee attacks
   (+3).
   It makes you vulnerable to fire.
   It protects you from cold.
   It protects you from poison.
 C - a +6 ring of strength (left hand)
 J - an amulet of regeneration (around neck) {+Regen}
Wands
 c - a wand of disintegration (7)
 y - a wand of fire (5)
 z - a wand of cold (5)
 A - a wand of draining (4)
Scrolls
 k - 4 scrolls of blinking
 q - 3 scrolls of recharging
 s - 5 scrolls of identify
 t - 5 scrolls of remove curse
 u - 2 scrolls of fear
 w - 7 scrolls of fog
 K - 4 scrolls of enchant weapon
Potions
 d - 5 potions of might {Str+5 DMG+1d10}
 g - 10 potions of heal wounds
 h - 5 potions of haste
 i - 7 potions of magic
 j - a potion of ambrosia {unknown}
 l - 2 potions of brilliance {Archmagi Int+5 Wiz++}
 m - 2 potions of invisibility
 n - 3 potions of resistance {rF+ rC+ rPois rElec rCorr}
 p - 5 potions of agility {Stlth+ Dex+5 EV+5}
 D - 12 potions of curing
Miscellaneous
 f - a fan of gales
 o - a sack of spiders {used: 3}
 v - a disc of storms
 H - a lamp of fire
 L - a box of beasts
 O - a sack of spiders
Comestibles
 e - 5 meat rations
 r - 4 bread rations
 x - 42 fruits


You had 14 spell levels left.
You didn't know any spells.


   Skills:
 - Level 20.2 Fighting
 - Level 18.3 Axes
 * Level 11.2 Armour
 * Level 10.9 Dodging
 * Level 11.2 Shields
 * Level 22.0 Evocations

Dungeon Overview and Level Annotations

Branches:
Dungeon (1/1)

Altars:
Ashenzari
Cheibriados
Dithmenos
Elyvilon
Fedhas
Gozag
Kikubaaqudgha
Makhleb
Nemelex Xobeh
Okawaru
Qazlal
Ru
Sif Muna
Trog
Vehumet
Xom
Yredelemnul
Zin
The Shining One
Beogh
Jiyva
Lugonu

Vault maps used:
D:        sprint_v
You       could see an apis, a dire elephant, 2 shambling mangroves, a satyr, a
          spriggan rider, a faun and a spriggan air mage.


Message History

The dryad is almost dead.
You slash the shambling mangrove!
The shambling mangrove is lightly damaged.
You slash the spriggan rider!
The spriggan rider is lightly wounded.
You slice the wind drake!!
The wind drake is severely wounded.
You slash the dire elephant!
The dire elephant is moderately wounded.
You hit the apis.
The apis is heavily wounded.
Visions of slaying the wind drake flood into your mind.
You block the apis's attack.
BONNNG!
The shambling mangrove hits you but does no damage.
The dryad draws upon the vitality of nature.
The dryad is healed somewhat.
The faun shoots a sling bullet.
GONNNNG!
You block the sling bullet. You block the spriggan rider's attack.
BOUMMMMG!
Unknown command.
You slice the dryad!!
You kill the dryad!
Makhleb accepts your kill.
You feel better.
You slash the apis!
The apis is heavily wounded.
You slice the dire elephant!!
The dire elephant is heavily wounded.
You chop the wind drake into pieces!!!
You are no longer entranced.
You kill the wind drake!
Makhleb accepts your kill.
You slice the spriggan rider!!
The spriggan rider is heavily wounded.
You slice the shambling mangrove!!
The shambling mangrove is moderately damaged.
Visions of slaying the dire elephant flood into your mind.
You block the dire elephant's attack.
GONNNNG!
You block the dire elephant's attack.
PANG!
The satyr unwields an uncursed enchanted quarterstaff.
The satyr wields a longbow.
The satyr shoots an arrow.
GONNNNG!
You block the arrow.
The spriggan air mage barely misses you.
The apis gores you!!
* * * LOW HITPOINT WARNING * * *
The apis sears you!!
You die...

Action                   |  1- 3 |  4- 6 |  7- 9 | 10-12 | 13-15 || total
-------------------------+-------+-------+-------+-------+-------++-------
Melee: Broad axe         |     3 |       |    41 |    74 |   144 ||   262
Evoke: Wand              |     1 |       |       |       |       ||     1
       Sack of spiders   |       |       |       |       |     5 ||     5
       Fan of gales      |       |       |       |       |     1 ||     1
       Lamp of fire      |       |       |       |       |     1 ||     1
  Use: Potion            |     2 |       |       |     2 |       ||     4
       Scroll            |       |       |       |     4 |     2 ||     6
 Stab: Distracted        |       |       |       |     1 |     2 ||     3
       Confused          |       |       |       |     1 |     1 ||     2

Notes
Turn   | Place    | Note
--------------------------------------------------------------
     0 | D        | hexophile the Ghoul Fighter began the quest for the Orb.
     0 | D        | Reached XP level 1. HP: 19/19 MP: 0/0
     0 | D        | Found an iron altar of Okawaru.
     0 | D        | Found a burning altar of Makhleb.
     0 | D        | Found a radiant altar of Vehumet.
     0 | D        | Found a deep blue altar of Sif Muna.
     0 | D        | Found a shimmering altar of Xom.
     1 | D        | Found a roughly hewn altar of Beogh.
     1 | D        | Found a corrupted altar of Lugonu.
     1 | D        | Found a viscous altar of Jiyva.
     1 | D        | Found a white marble altar of Elyvilon.
     1 | D        | Found a sparkling altar of Nemelex Xobeh.
     1 | D        | Found a bloodstained altar of Trog.
    19 | D        | Became a worshipper of Makhleb the Destroyer
    74 | D        | Reached skill level 7 in Axes
    74 | D        | Reached XP level 2. HP: 26/26 MP: 1/1
    78 | D        | Entered arena 1.
    78 | D        | Noticed a two-headed ogre
    78 | D        | Noticed a cyan ugly thing
    82 | D        | Killed a two-headed ogre
    82 | D        | Reached skill level 8 in Fighting
    82 | D        | Reached skill level 9 in Axes
    82 | D        | Reached XP level 3. HP: 29/41 MP: 2/2
    82 | D        | Reached XP level 4. HP: 34/49 MP: 3/3
    82 | D        | Reached XP level 5. HP: 38/56 MP: 4/4
    82 | D        | Killed a cyan ugly thing
    82 | D        | Reached * piety under Makhleb
    82 | D        | Reached skill level 10 in Fighting
    82 | D        | Reached skill level 11 in Axes
    82 | D        | Reached XP level 6. HP: 43/67 MP: 5/5
    82 | D        | Reached XP level 7. HP: 46/73 MP: 6/6
    87 | D        | Entered arena 2.
    87 | D        | Noticed a naga
    92 | D        | Killed a naga
    92 | D        | Reached skill level 11 in Fighting
    94 | D        | Reached ** piety under Makhleb
   136 | D        | Entered arena 3.
   136 | D        | Noticed a porcupine
   136 | D        | Noticed a wolf
   136 | D        | Noticed a porcupine
   138 | D        | Killed a porcupine
   139 | D        | Killed a wolf
   139 | D        | Reached skill level 12 in Fighting
   139 | D        | Reached skill level 12 in Axes
   141 | D        | Killed a porcupine
   141 | D        | Reached *** piety under Makhleb
   141 | D        | Reached XP level 8. HP: 74/85 MP: 7/7
   145 | D        | Identified the Disquisition on Lightness and Aid
   148 | D        | Entered arena 4.
   148 | D        | Noticed a necrophage
   148 | D        | Noticed a phantom
   148 | D        | Noticed a phantom
   151 | D        | Killed a necrophage
   151 | D        | Reached **** piety under Makhleb
   151 | D        | Killed a phantom
   153 | D        | Killed a phantom
   158 | D        | Entered arena 5.
   158 | D        | Noticed a merfolk
   158 | D        | Noticed a merfolk
   158 | D        | Noticed a merfolk
   158 | D        | Noticed a merfolk
   158 | D        | Noticed a merfolk
   164 | D        | Killed a merfolk
   164 | D        | Reached skill level 13 in Fighting
   166 | D        | Killed a merfolk
   166 | D        | Reached ***** piety under Makhleb
   166 | D        | Reached skill level 13 in Axes
   166 | D        | Killed a merfolk
   166 | D        | Reached skill level 14 in Fighting
   166 | D        | Reached XP level 9. HP: 83/95 MP: 8/8
   170 | D        | Killed a merfolk
   172 | D        | Killed a merfolk
   172 | D        | Reached skill level 14 in Axes
   175 | D        | Got the +1 plate armour of the Hunter {rF++ Str+2 Dex-5}
   179 | D        | Entered arena 6.
   179 | D        | Noticed an insubstantial wisp
   179 | D        | Noticed an insubstantial wisp
   179 | D        | Noticed an air elemental
   179 | D        | Noticed an insubstantial wisp
   179 | D        | Noticed a wind drake
   179 | D        | Noticed an air elemental
   185 | D        | Killed an insubstantial wisp
   186 | D        | Killed an air elemental
   186 | D        | Reached skill level 15 in Fighting
   186 | D        | Killed an air elemental
   189 | D        | Killed an insubstantial wisp
   191 | D        | Killed a wind drake
   196 | D        | Killed an insubstantial wisp
   202 | D        | Entered arena 7.
   202 | D        | Noticed a deep elf mage
   202 | D        | Noticed a deep elf mage
   202 | D        | Noticed a hippogriff
   202 | D        | Noticed a deep elf knight
   202 | D        | Noticed a deep elf knight
   202 | D        | Noticed a deep elf mage
   209 | D        | Killed a deep elf mage
   211 | D        | Killed a deep elf knight
   211 | D        | Reached ****** piety under Makhleb
   211 | D        | Reached skill level 16 in Fighting
   211 | D        | Reached skill level 15 in Axes
   211 | D        | Reached XP level 10. HP: 106/108 MP: 9/9
   211 | D        | Killed a hippogriff
   212 | D        | Killed a deep elf mage
   214 | D        | Killed a deep elf mage
   214 | D        | Killed a deep elf knight
   214 | D        | Reached skill level 17 in Fighting
   219 | D        | Got the +0 pair of gloves of Defence {Int+4 SInv}
   228 | D        | Got the ring "Peipiyc" {rN+ MP+9 Int+5 Slay+3 Stlth+}
   234 | D        | Entered arena 8.
   234 | D        | Noticed a quasit
   234 | D        | Noticed an iron imp
   234 | D        | Noticed a starcursed mass
   234 | D        | Noticed a quasit
   234 | D        | Noticed a small abomination
   234 | D        | Noticed a smoke demon
   237 | D        | Killed a small abomination
   238 | D        | Killed a quasit
   239 | D        | Killed a smoke demon
   239 | D        | Reached skill level 16 in Axes
   240 | D        | Killed a quasit
   240 | D        | Killed an iron imp
   251 | D        | Killed a starcursed mass
   251 | D        | Reached skill level 18 in Fighting
   251 | D        | Reached XP level 11. HP: 80/119 MP: 10/10
   255 | D        | Got the +0 pair of boots "Kuysh" {+Fly rPois rN+}
   270 | D        | Entered arena 9.
   270 | D        | Noticed a green draconian
   270 | D        | Noticed a draconian
   270 | D        | Noticed a red draconian
   270 | D        | Noticed a yellow draconian
   270 | D        | Noticed a white draconian
   270 | D        | Noticed a yellow draconian
   270 | D        | Noticed a draconian
   270 | D        | Noticed a draconian
   277 | D        | Killed a green draconian
   277 | D        | Reached skill level 17 in Axes
   280 | D        | Killed a yellow draconian
   280 | D        | Reached skill level 19 in Fighting
   283 | D        | Killed a draconian
   285 | D        | Killed a white draconian
   288 | D        | Killed a draconian
   289 | D        | Killed a red draconian
   289 | D        | Reached skill level 18 in Axes
   289 | D        | Killed a draconian
   289 | D        | Reached skill level 20 in Fighting
   290 | D        | Killed a yellow draconian
   297 | D        | Entered arena 10.
   297 | D        | Noticed a wyvern
   297 | D        | Noticed a swamp drake
   297 | D        | Noticed a wyvern
   297 | D        | Noticed a swamp drake
   297 | D        | Noticed a mottled dragon
   297 | D        | Noticed a swamp drake
   297 | D        | Noticed a wyvern
   297 | D        | Noticed a fire drake
   297 | D        | Noticed a mottled dragon
   300 | D        | Killed a fire drake
   300 | D        | Reached skill level 1 in Evocations
   301 | D        | Killed a wyvern
   301 | D        | Reached skill level 2 in Evocations
   302 | D        | Killed a swamp drake
   302 | D        | Reached skill level 3 in Evocations
   303 | D        | Killed a mottled dragon
   303 | D        | Killed a swamp drake
   305 | D        | Killed a wyvern
   305 | D        | Reached skill level 4 in Evocations
   307 | D        | Killed a mottled dragon
   308 | D        | Killed a swamp drake
   308 | D        | Reached XP level 12. HP: 123/132 MP: 14/14
   315 | D        | Killed a wyvern
   315 | D        | Reached skill level 5 in Evocations
   323 | D        | Entered arena 11.
   323 | D        | Noticed an ice beast
   323 | D        | Noticed a shadow
   323 | D        | Noticed a freezing wraith
   324 | D        | Noticed a flying skull
   324 | D        | Noticed a shadow
   324 | D        | Noticed an ice beast
   324 | D        | Noticed an ice beast
   328 | D        | Killed a shadow
   328 | D        | Reached skill level 6 in Evocations
   328 | D        | Killed an ice beast
   328 | D        | Killed a freezing wraith
   328 | D        | Reached skill level 7 in Evocations
   330 | D        | Killed a shadow
   331 | D        | Killed a flying skull
   331 | D        | Reached skill level 8 in Evocations
   331 | D        | Killed an ice beast
   332 | D        | Killed an ice beast
   332 | D        | Reached skill level 9 in Evocations
   343 | D        | Entered arena 12.
   343 | D        | Noticed a red devil
   343 | D        | Noticed a neqoxec
   343 | D        | Noticed a rust devil
   343 | D        | Noticed Zidiep the pandemonium lord
   343 | D        | Noticed a rust devil
   344 | D        | Noticed an orange demon
   344 | D        | Noticed an orange demon
   344 | D        | Noticed a hellwing
   344 | D        | Noticed a reaper
   344 | D        | Noticed a sixfirhy
   346 | D        | Noticed Xeeninoho the pandemonium lord
   349 | D        | Killed a sixfirhy
   349 | D        | Reached skill level 10 in Evocations
   351 | D        | Killed a rust devil
   352 | D        | Killed a neqoxec
   352 | D        | Reached skill level 11 in Evocations
   353 | D        | Killed Zidiep the pandemonium lord
   353 | D        | Reached skill level 14 in Evocations
   355 | D        | Killed a rust devil
   358 | D        | Killed a hellwing
   359 | D        | Killed an orange demon
   359 | D        | Reached skill level 15 in Evocations
   365 | D        | Killed a reaper
   370 | D        | Killed Xeeninoho the pandemonium lord
   370 | D        | Reached skill level 17 in Evocations
   370 | D        | Reached XP level 13. HP: 106/138 MP: 24/24
   372 | D        | Killed an orange demon
   375 | D        | Killed a red devil
   385 | D        | Entered arena 13.
   386 | D        | Noticed Donald
   386 | D        | Noticed Saint Roka
   386 | D        | Noticed Frances
   386 | D        | Noticed Grum
   386 | D        | Noticed Nikola
   387 | D        | Noticed Dowan
   387 | D        | Noticed Crazy Yiuf
   387 | D        | Noticed Erolcha
   387 | D        | Killed Grum
   389 | D        | Noticed Agnes
   390 | D        | Killed Crazy Yiuf
   393 | D        | Killed Dowan
   395 | D        | Noticed Duvessa
   395 | D        | Noticed Prince Ribbit
   395 | D        | Noticed Grinder
   396 | D        | Killed Erolcha
   400 | D        | Killed Agnes
   400 | D        | Reached skill level 18 in Evocations
   401 | D        | Killed Frances
   403 | D        | Killed Donald
   403 | D        | Killed Grinder
   404 | D        | Killed Nikola
   404 | D        | Reached skill level 19 in Evocations
   407 | D        | Killed Saint Roka
   407 | D        | Reached skill level 20 in Evocations
   408 | D        | Killed Prince Ribbit
   408 | D        | Killed Duvessa
   416 | D        | Got the +8 chain mail of Sif Muna's Displeasure {rElec rCorr Dex+6}
   427 | D        | Entered arena 14.
   427 | D        | Noticed a vampire
   428 | D        | Noticed a skeletal warrior
   428 | D        | Noticed a reaper
   428 | D        | Noticed an ice devil
   428 | D        | Noticed a blue devil
   431 | D        | Noticed a wight
   431 | D        | Noticed a blue devil
   431 | D        | Noticed a blue devil
   431 | D        | Killed a vampire
   435 | D        | Killed a blue devil
   435 | D        | Reached skill level 3 in Shields
   435 | D        | Reached skill level 3 in Armour
   438 | D        | Killed an ice devil
   438 | D        | Reached skill level 1 in Dodging
   439 | D        | Killed a blue devil
   444 | D        | Killed a wight
   447 | D        | Killed a reaper
   447 | D        | Reached skill level 4 in Armour
   447 | D        | Reached skill level 2 in Dodging
   447 | D        | Reached skill level 4 in Shields
   447 | D        | Killed a blue devil
   448 | D        | Killed a skeletal warrior
   448 | D        | Reached skill level 3 in Dodging
   454 | D        | Entered arena 15.
   455 | D        | Noticed an iron golem
   455 | D        | Noticed a quicksilver dragon
   455 | D        | Noticed an iron golem
   455 | D        | Noticed a stone giant
   455 | D        | Noticed a crystal guardian
   455 | D        | Noticed an earth elemental
   455 | D        | Noticed an iron golem
   456 | D        | Noticed a crystal guardian
   456 | D        | Noticed an iron golem
   456 | D        | Noticed a stone giant
   457 | D        | Noticed an iron golem
   457 | D        | Noticed an iron golem
   458 | D        | Noticed a crystal guardian
   464 | D        | Killed a quicksilver dragon
   464 | D        | Reached skill level 5 in Armour
   464 | D        | Reached skill level 4 in Dodging
   464 | D        | Reached skill level 5 in Shields
   467 | D        | Killed a stone giant
   473 | D        | Killed a crystal guardian
   473 | D        | Reached skill level 6 in Armour
   473 | D        | Reached skill level 5 in Dodging
   473 | D        | Reached XP level 14. HP: 128/147 MP: 27/27
   473 | D        | Killed an iron golem
   473 | D        | Reached skill level 6 in Shields
   476 | D        | Noticed a crystal guardian
   476 | D        | Killed a stone giant
   482 | D        | Killed a crystal guardian
   482 | D        | Reached skill level 6 in Dodging
   482 | D        | Killed a crystal guardian
   482 | D        | Reached skill level 7 in Armour
   482 | D        | Reached skill level 7 in Shields
   485 | D        | Killed an earth elemental
   489 | D        | Killed an iron golem
   493 | D        | Killed an iron golem
   493 | D        | Reached skill level 21 in Evocations
   498 | D        | Killed an iron golem
   501 | D        | Killed a crystal guardian
   504 | D        | Killed an iron golem
   504 | D        | Reached skill level 7 in Dodging
   512 | D        | Killed an iron golem
   512 | D        | Reached skill level 8 in Armour
   512 | D        | Reached skill level 8 in Shields
   542 | D        | Got the ring of Hospitality {rC+ rN+ Str+2 Stlth+}
   549 | D        | Got the +0 pair of boots of Fortification {+Inv +Fly rCorr}
   562 | D        | Entered arena 16.
   565 | D        | Noticed a white draconian
   565 | D        | Noticed a mottled draconian
   565 | D        | Noticed a white draconian
   565 | D        | Noticed a black draconian
   565 | D        | Noticed a mottled draconian
   565 | D        | Noticed a red draconian
   565 | D        | Noticed a mottled draconian
   566 | D        | Noticed a white draconian
   566 | D        | Noticed a red draconian
   566 | D        | Noticed a black draconian
   566 | D        | Noticed a black draconian
   566 | D        | Noticed a red draconian
   566 | D        | Noticed a white draconian
   566 | D        | Noticed a black draconian
   566 | D        | Noticed a red draconian
   566 | D        | Identified a +8 rod of the swarm (5/10)
   571 | D        | Killed a white draconian
   575 | D        | Killed a red draconian
   576 | D        | Killed a black draconian
   576 | D        | Reached skill level 8 in Dodging
   577 | D        | Killed a red draconian
   577 | D        | Killed a red draconian
   577 | D        | Reached skill level 9 in Armour
   577 | D        | Reached skill level 9 in Shields
   577 | D        | Killed a mottled draconian
   579 | D        | Killed a mottled draconian
   582 | D        | Killed a red draconian
   582 | D        | Reached skill level 9 in Dodging
   582 | D        | Killed a mottled draconian
   584 | D        | Killed a white draconian
   585 | D        | Killed a black draconian
   585 | D        | Reached skill level 10 in Armour
   585 | D        | Reached skill level 10 in Shields
   590 | D        | Killed a black draconian
   592 | D        | Killed a white draconian
   598 | D        | Killed a white draconian
   599 | D        | Killed a black draconian
   611 | D        | Entered arena 17.
   611 | D        | Noticed a warg
   614 | D        | Killed a warg
   616 | D        | Noticed an orc warrior
   616 | D        | Noticed an orc warlord
   620 | D        | Noticed an orc knight
   620 | D        | Noticed an orc warrior
   627 | D        | Reached skill level 10 in Dodging
   630 | D        | Killed an orc warrior
   633 | D        | Killed an orc warlord
   635 | D        | Killed an orc warrior
   641 | D        | Killed an orc knight
   643 | D        | Got the ring "Nelus" {Ice rPois Int+4 Dex-5 Slay+3}
   654 | D        | Entered arena 18.
   654 | D        | Noticed a wolf
   654 | D        | Noticed a wolf spider
   654 | D        | Noticed a wolf
   655 | D        | Noticed a spriggan air mage
   655 | D        | Noticed a dryad
   655 | D        | Noticed a faun
   657 | D        | Noticed an apis
   657 | D        | Noticed a spriggan rider
   657 | D        | Noticed a spriggan air mage
   658 | D        | Noticed a spriggan berserker
   658 | D        | Killed a wolf
   659 | D        | Noticed a shambling mangrove
   659 | D        | Noticed a satyr
   659 | D        | Noticed a spriggan air mage
   660 | D        | Noticed a dire elephant
   660 | D        | Killed a wolf spider
   661 | D        | Noticed a wind drake
   662 | D        | Noticed a shambling mangrove
   663 | D        | Noticed a spriggan air mage
   663 | D        | Killed a wolf
   667 | D        | Killed a spriggan berserker
   667 | D        | Killed a spriggan air mage
   667 | D        | Reached skill level 11 in Armour
   668 | D        | Killed a spriggan air mage
   668 | D        | Reached skill level 11 in Shields
   668 | D        | Reached XP level 15. HP: 64/153 MP: 28/28
   670 | D        | Killed a spriggan air mage
   670 | D        | Reached skill level 22 in Evocations
   671 | D        | Killed a dryad
   671 | D        | Killed a wind drake
   671 | D        | Slain by an apis

Table legend:
 A = Turns spent in this place as a percentage of turns spent in the entire game.
 B = Non-inter-level travel turns spent in this place as a percentage of non-inter-level travel turns spent in the entire game.
 C = Inter-level travel turns spent in this place as a percentage of turns spent in this place.
 D = Turns resting spent in this place as a percentage of non-inter-level travel turns spent in this place.
 E = Turns spent auto-exploring this place as a percentage of non-inter-level travel turns spent in this place.
 F = Non-inter-level travel turns spent in this place divided by the number of levels of this place that you've seen.
                   A       B       C       D       E      F
               +-------+-------+-------+-------+-------+----------------------
         Total | 100.0 | 100.0 |   0.0 |   0.2 |   0.0 | 823.0
       Dungeon | 100.0 | 100.0 |   0.0 |   0.2 |   0.0 | 823.0
               +-------+-------+-------+-------+-------+----------------------

Table legend:
 A = Kills in this place as a percentage of kills in entire the game.
 B = Kills by you in this place as a percentage of kills by you in the entire game.
 C = Kills by friends in this place as a percentage of kills by friends in the entire game.
 D = Other kills in this place as a percentage of other kills in the entire game.
 E = Experience gained in this place as a percentage of experience gained in the entire game.
 F = Experience gained in this place divided by the number of levels of this place that you have seen.
                   A       B       C       D       E      F
               +-------+-------+-------+-------+-------+----------------------
         Total | 100.0 | 100.0 | 100.0 | 100.0 | 100.0 | 88114.0
       Dungeon | 100.0 | 100.0 | 100.0 | 100.0 | 100.0 | 88114.0
               +-------+-------+-------+-------+-------+----------------------

Vanquished Creatures
  2 pandemonium lords (D)
  A quicksilver dragon (D)
  Agnes (D)
  Frances (D)
  An orc warlord (D)
  2 reapers (D)
  2 stone giants (D)
  A green draconian (D)
  2 yellow draconians (D)
  4 white draconians (D)
  3 black draconians (D)
  2 mottled draconians (D)
  5 red draconians (D)
  4 crystal guardians (D)
  Erolcha (D)
  3 spriggan air magi (D)
  2 deep elf knights (D)
  6 iron golems (D)
  An ice devil (D)
  A spriggan berserker (D)
  A skeletal warrior (D)
  An orc knight (D)
  A wolf spider (D)
  A draconian (D)
  A sixfirhy (D)
  A smoke demon (D)
  A rust devil (D)
  2 orange demons (D)
  A dryad (D)
  A hellwing (D)
  A two-headed ogre (shapeshifter) (D)
  5 merfolk (D)
  3 blue devils (D)
  A freezing wraith (D)
  2 wind drakes (D)
  2 air elementals (D)
  A flying skull (D)
  3 deep elf magi (D)
  2 shadows (D)
  3 wyverns (D)
  A neqoxec (D)
  A vampire (D)
  A hippogriff (shapeshifter) (D)
  A warg (D)
  Grum (D)
  2 mottled dragons (D)
  3 insubstantial wisps (D)
  3 wolves (D)
  2 porcupines (D)
  3 swamp drakes (D)
  3 ice beasts (D)
  A small abomination (D)
  2 orc warriors (D)
  A naga (D)
  A phantom (D)
  A necrophage (D)
  An earth elemental (D)
  A wight (D)
  Crazy Yiuf (D)
  2 quasits (D)
  An iron imp (D)
  2 adders (D)
  A river rat (D)
  2 white imps (D)
  2 adder zombies (D)
  12 orcs (D)
  A bat skeleton (D)
  3 bat zombies (D)
  A giant gecko skeleton (D)
  A jackal skeleton (D)
137 creatures vanquished.

Vanquished Creatures (collateral kills)
  Saint Roka (D)
  Nikola (D)
  Donald (D)
  A starcursed mass (D)
  A mottled draconian (D)
  A white draconian (D)
  A black draconian (D)
  2 draconians (D)
  An ugly thing (D)
  A rust devil (D)
  A red devil (D)
  Grinder (D)
  Prince Ribbit (D)
  Duvessa (D)
  A phantom (D)
  Dowan (D)
  An orc (D)
18 creatures vanquished.

Vanquished Creatures (others)
  A fire drake (D)
1 creature vanquished.

Grand Total: 156 creatures vanquished
